 Dungeon Crawl Stone Soup version 0.30.0-30-g96aa6591b8 (webtiles) character file.

Game seed: 8381091773123022654

231 cdecastro the Stinger (level 6, -5/41 HPs)
             Began as a Merfolk Venom Mage on June 28, 2023.
             Slain by a gnoll
             ... wielding a +0 flail
              (6 damage)
             ... on level 4 of the Dungeon.
             The game lasted 00:10:25 (3542 turns).

cdecastro the Stinger (Merfolk Venom Mage)          Turns: 3542, Time: 00:10:26

Health: -5/41      AC:  2    Str: 14    XL:     6   Next: 3%
Magic:  6/9        EV: 10    Int: 17    God:
Gold:   77         SH:  0    Dex: 19    Spells: 3/9 levels left

rFire   . . .        c - melded +0 dagger
rCold   . . .        (shield currently unavailable)
rNeg    . . .        a - melded +0 robe
rPois   x            (helmet currently unavailable)
rElec   .            (cloak currently unavailable)
rCorr   .            j - melded +0 pair of gloves
SInv    .            (boots currently unavailable)
Will    .....        (no amulet)
Stlth   ++           q - +6 ring of strength
HPRegen 0.26/turn    u - +4 ring of slaying
MPRegen 0.11/turn

%: no passive effects
@: spider-form, held
A: venomous fangs, tiny, (nimble swimmer 2), (mertail)
a: End Transformation


You were on level 4 of the Dungeon.
You were a venomous arachnid creature.
You visited 1 branch of the dungeon, and saw 4 of its levels.

You collected 77 gold pieces.

Inventory:

Hand Weapons
 c - a +0 dagger (melded)
Missiles
 n - 11 poisoned darts
Armour
 a - a +0 robe (melded)
 j - a +0 pair of gloves (melded)
Jewellery
 q - a +6 ring of strength (left front pincers)
 u - a +4 ring of slaying (right front pincers)
Wands
 v - a wand of paralysis (8)
Scrolls
 f - 3 scrolls of identify {unknown}
 h - 2 scrolls of poison {unknown}
 l - 3 scrolls of magic mapping
 m - a scroll of acquirement {unknown}
 o - 3 scrolls of fog {unknown}
 p - a scroll of silence {unknown}
 s - a scroll of enchant weapon {unknown}
 t - a scroll of teleportation {unknown}
Potions
 b - a potion of magic
 d - a potion of resistance
 e - a potion of mutation {unknown}
 g - a potion of curing
 i - 2 potions of flight {unknown}
 k - a potion of invisibility {unknown}
 r - a potion of ambrosia {unknown}


   Skills:
 - Level 2.6 Dodging
 - Level 2.1 Stealth
 - Level 2.0 Spellcasting
 - Level 1.3 Transmutations
 + Level 7.2 Poison Magic


You had 3 spell levels left.
You knew the following spells:

 Your Spells              Type           Power      Damage    Failure   Level
a - Sting                 Tmut/Pois      64%        1d6       11%         1
b - Poisonous Vapours     Pois/Air       26%        N/A       19%         2
c - Spider Form           Tmut/Pois      16%        N/A       24%         3

Your spell library contained the following spells:

 Spells                   Type           Power      Damage    Failure   Level
 Magic Dart               Conj           4%         1d3       38%         1
 Mephitic Cloud           Conj/Pois/Air  9%         N/A       43%         3
 Call Imp                 Summ           2%         N/A       50%         2
 Portal Projectile        Hex/Tloc       2%         N/A       71%         3
 Tukima's Dance           Hex            1%         N/A       71%         3
 Olgreb's Toxic Radiance  Pois           26%        N/A       24%         4
 Blade Hands              Tmut           3%         N/A       99%         5
 Spellforged Servitor     Conj/Summ      0%         N/A       100%        7
 Summon Hydra             Summ           0%         N/A       100%        7


Dungeon Overview and Level Annotations

Branches:
Dungeon (4/15)             Temple (0/1) D:4

Altars:


Innate Abilities, Weirdness & Mutations

You are a venomous arachnid creature.
You have venomous fangs.
You are tiny and dextrous.
Your spellcasting is less reliable in this form.
Your armour is entirely melded.
You are incapable of wielding weapons or throwing items.
((You are very nimble when in or above water. (Stealth+, EV+, Speed+++)))
((Your lower body shifts to a powerful aquatic tail in water.))


Message History

The gnoll closely misses you.
The gnoll throws a throwing net.
The throwing net hits you.
You become entangled in the net!
The gnoll barely misses you.
Found 12 gold pieces.
Found an escape hatch in the floor.
There is a stone staircase leading up here.
You see here a throwing net.
Unknown command.
Unknown command.
You struggle against the net.
The gnoll hits you with a +0 flail! The gnoll barely misses you.
Unknown command.
Unknown command.
You tear a large gash into the net.
The gnoll hits you with a +0 flail. The gnoll hits you with a +0 club.
The gnoll hits you with a +0 club!
* * * LOW HITPOINT WARNING * * *
The gnoll hits you with a +0 club.
* * * LOW HITPOINT WARNING * * *
Unknown command.
Unknown command.
Casting: Sting (safe; 3% risk of failure)
Confirm with . or Enter, or press ? or * to list all spells.
You turn into a venomous arachnid creature.
Your +0 dagger melds into your body.
Your +0 pair of gloves melds into your body.
Your +0 robe melds into your body.
The gnoll hits you with a +0 flail.
* * * LOW HITPOINT WARNING * * *
The gnoll hits you with a +0 club.
* * * LOW HITPOINT WARNING * * *
The gnoll hits you with a +0 club.
* * * LOW HITPOINT WARNING * * *
The gnoll hits you with a +0 club.
* * * LOW HITPOINT WARNING * * *
Unknown command.
Okay, then.
Okay, then.
Unknown command.
As you read the scroll labelled ACUFEICEIR, it crumbles to dust.
You feel aware of your surroundings.
You sensed 2 altars.
It was a scroll of magic mapping.
The gnoll hits you with a +0 flail.
You die...

######## #....>.# #......# ******
#......### **,,,,* #........#*
***** ***,,,*,**#...g..#..#
**,,,*** ***,,,***,,,#..gsg..#,*
**,,,,,,, *,,,***
**,,#....g....#**,,,,**,, ,,,**
*,,########....,,*,*,,*, *,,,***
*,,,,,,,* **#..*,,,*,,,,
***,,,****,*****,******.,,,,,*,,,
***,,,**,,* *,,,,,,,,,,,,,,,,>
***,,,*****,**************,,,**,,
*,,,*** *,,,,,,,,,,,* *,,*,,*,
,,,** *,,,,,,,,,,,******,,,,,*,


You could see 4 gnolls.

Vanquished Creatures
  2 orc priests (D:3)
  A hound (D:3)
  Natasha (twice) (D:3)
  3 adders (D:2)
  2 worms (D:2)
  2 dart slugs (D:1)
  2 orcs
  5 bats
  3 endoplasms
  3 giant cockroaches
  7 hobgoblins
  5 quokkas
  4 ball pythons
  5 frilled lizards
  7 goblins
  3 kobolds
  2 rats (D:1)
58 creatures vanquished.

Notes
Turn   | Place    | Note
-------+----------+-------------------------------------------
     0 | D:1      | cdecastro the Merfolk Venom Mage began the quest for the
                  | Orb.
     0 | D:1      | Reached XP level 1. HP: 13/13 MP: 3/3
   183 | D:1      | Reached XP level 2. HP: 19/19 MP: 1/5
   194 | D:1      | Reached skill level 4 in Poison Magic
   597 | D:1      | Reached XP level 3. HP: 24/24 MP: 4/6
   758 | D:1      | Learned a level 2 spell: Poisonous Vapours
  1494 | D:2      | Reached skill level 5 in Poison Magic
  1672 | D:2      | Reached XP level 4. HP: 24/30 MP: 3/7
  2610 | D:3      | Got the Volume of the Arcane
  2615 | D:3      | Learned a level 3 spell: Spider Form
  2726 | D:3      | Noticed Natasha
  2734 | D:3      | Killed Natasha
  2735 | D:3      | Reached skill level 6 in Poison Magic
  2895 | D:3      | Reached XP level 5. HP: 35/35 MP: 6/8
  2966 | D:3      | Noticed Natasha
  2973 | D:3      | Killed Natasha
  3187 | D:3      | Found a faded altar of an unknown god.
  3465 | D:3      | Reached skill level 7 in Poison Magic
  3465 | D:3      | Reached XP level 6. HP: 33/41 MP: 1/9
  3541 | D:4      | HP: 1/41 [gnoll/+0 club (5)]
  3542 | D:4      | Slain by a gnoll

Illustrated notes

Levels and vault maps discovered:
D:1:      dpeg_arrival_three_same_balls, layout_loops_ring
D:2:      layout_loops_corners
D:3:      layout_rooms, shapermc_ecumenical_altar_petra,
          nicolae_underground_beach, uniq_natasha
D:4:      layout_rooms, grunt_temple_overflow_forces_of_nature,
          minmay_temple_entry_mini_moons, serial_curves, eino_curves_04,
          eino_curves_01, eino_curves_04, eino_curves_03

Skill      XL: |  1  2  3  4  5 |
---------------+----------------+-----
Poison Magic   | 4 5 6 7 |  7.2
Dodging        | |  2.6
Stealth        | |  2.1
Spellcasting   | |  2.0
Transmutations | |  1.3

Action                     |  1- 3 |  4- 6 || total
---------------------------+-------+-------++-------
  Melee: Dagger            |    52 |    29 ||    81
         Punch             |       |     1 ||     1
   Cast: Sting             |    39 |    54 ||    93
         Poisonous Vapours |       |     7 ||     7
         Spider Form       |       |     1 ||     1
    Use: Potion            |     2 |       ||     2
         Scroll            |       |     1 ||     1
   Stab: Sleeping          |       |     1 ||     1
 Armour: Robe              |    11 |    10 ||    21
  Dodge: Dodged            |    31 |    39 ||    70
